 Dungeon Crawl Stone Soup version 0.31-a0-1620-gcbf77bbcfc (webtiles) character file.

Game seed: 14725214525416344376

11148 Amplified the Fighter (level 11, 0/101 HPs)
             Began as a Mummy Hunter on Jan 11, 2024.
             Was an Initiate of Gozag.
             Slain by a sixfirhy (4 damage)
             ... on level 10 of the Dungeon.
             The game lasted 00:22:12 (10600 turns).

Amplified the Fighter (Mummy Hunter)               Turns: 10600, Time: 00:22:12

Health: 0/101      AC: -6    Str: 13    XL:     11   Next: 45%
Magic:  11/11      EV: 12    Int:  9    God:    Gozag
Gold:   107        SH:  0    Dex: 20    Spells: 6/10 levels left

rFire   + . .        a - +2 shortbow (elec)
rCold   + + .        (shield currently unavailable)
rNeg    + + +        c - +1 leather armour
rPois   ∞            k - +2 helmet {SInv}
rElec   +            b - +2 ratskin cloak {*Rats rPois rN+ Str-1 Int-1 Dex+1}
rCorr   +            (no gloves)
SInv    +            (no boots)
Will    +....        (no amulet)
Stlth   ++           e - ring of protection from fire
HPRegen 0.36/turn    o - +4 ring of protection
MPRegen 0.12/turn

%: faith
@: mighty, resistant, corroded, invisible
A: cold resistance 1, negative energy resistance 3, torment resistance 2, heat
vulnerability 1, in touch with death 1, no potions, faith
a: Renounce Religion, Potion Petition, Call Merchant, Bribe Branch


You were on level 10 of the Dungeon.
You worshipped Gozag.
Gozag was aware of your devotion.
You visited 2 branches of the dungeon, and saw 12 of its levels.

You collected 1182 gold pieces.
You spent 352 gold pieces at shops.
You paid 723 gold pieces to Gozag.

Inventory:

Hand Weapons
 a - a +2 shortbow of electrocution (weapon)
 d - the +2 spear of the Leaping Messenger {flame, Will+ Int+3}
   (You found it on level 3 of the Dungeon)

   Int+3:     It affects your intelligence (+3).
   Will+:     It increases your willpower.
 f - a +1 short sword of distortion
 n - a +0 rapier of speed
Missiles
 g - 28 poisoned darts
Armour
 b - the +2 ratskin cloak (worn) {*Rats rPois rN+ Str-1 Int-1 Dex+1}
   (You found it on level 5 of the Dungeon)

   *Rats:     When the wearer is hurt, rats may emerge from it to assist them.
   Str-1:     It affects your strength (-1).
   Int-1:     It affects your intelligence (-1).
   Dex+1:     It affects your dexterity (+1).
   rPois:     It protects you from poison rN+: It protects you from negative
   energy.
 c - a +1 leather armour (worn)
 h - a +0 pair of gloves
 k - a +2 helmet of see invisible (worn)
Jewellery
 e - a ring of protection from fire (left hand)
 m - a ring of magical power
 o - a +4 ring of protection (right hand)
 s - a ring of willpower
Wands
 j - a wand of flame (19)
Scrolls
 i - 2 scrolls of immolation
 l - a scroll of vulnerability
 q - 3 scrolls of teleportation
 r - a scroll of enchant armour
 t - 2 scrolls of fog
 u - a scroll of amnesia


   Skills:
 * Level 14.4 Fighting
 - Level 7.6 Short Blades
 * Level 9.7 Ranged Weapons
 - Level 1.5 Dodging
 - Level 0.7 Stealth
 * Level 3.6 Hexes


You had 6 spell levels left.
You knew the following spells:

 Your Spells              Type           Power      Damage    Failure   Level
a - Slow                  Hex            24%        N/A       12%         1
b - Confusing Touch       Hex            6%         N/A       34%         3

Your spell library contained the following spells:

 Spells                   Type           Power      Damage    Failure   Level
 Sigil of Binding         Hex            6%         N/A       34%         3
 Shock                    Conj/Air       0%         1d3       45%         1
 Swiftness                Air            0%         N/A       83%         3
 Vampiric Draining        Necr           0%         2d6       83%         3
 Airstrike                Air            0%         2d(0-16)  99%         4


Dungeon Overview and Level Annotations

Branches:
Dungeon (11/15)            Temple (1/1) D:5             Orc (0/2) D:11
   Lair: D:8-11

Altars:
Ashenzari
Cheibriados
Dithmenos
Fedhas
Gozag
Hepliaklqana
Kikubaaqudgha
Makhleb
Nemelex Xobeh
Okawaru
Qazlal
Ru
Sif Muna
Trog
Uskayaw
Vehumet
Wu Jian
Xom
Yredelemnul

Shops:
D:3 *(([!   D:4 [

Portals:
Abyss: D:3

Annotations:
D:5 Check ratcorridor
D:9 Only bad stairs down


Innate Abilities, Weirdness & Mutations

You are immune to poison.
Your flesh is cold resistant. (rC+)
You are immune to negative energy. (rN+++)
You are immune to unholy pain and torment.
You are vulnerable to heat. (rF-)
You are in touch with the powers of death.
You do not drink.
You have a special connection with the divine. (Faith)


Message History

The orc wizard misses you.
The orc warrior attacks as it pursues you!
The orc warrior hits you with a +0 war axe!
* * * LOW HITPOINT WARNING * * *
You see here 5 stones.
Okay, then.
You can't drink.
Unknown command.
Okay, then.
Okay, then.
As you read the scroll of teleportation, it crumbles to dust.
You feel strangely unstable.
The orc wizard casts a spell.
The orc wizard flickers and vanishes for a moment.
Unknown command.
Unknown command.
The orc warrior attacks as it pursues you!
The orc warrior hits you with a +0 war axe!
* * * LOW HITPOINT WARNING * * *
Unknown command.
Your surroundings suddenly seem different.
A sixfirhy and a yak come into view.
The yak bellows!
A yak comes into view.
Unknown command.
Okay, then.
You can't drink.
Unknown command. [a] - 462 gold - resistance, invisibility and might [b] - 308 gold - haste and brilliance [c] - 160 gold - might and brilliance Purchase which effect?
You no longer have enough gold to petition Gozag for potion effects.
You feel protected.
You fade into invisibility!
You feel very mighty all of a sudden. The sixfirhy hits you!
* * * LOW HITPOINT WARNING * * *
The sixfirhy shocks you. You resist.
You die...
Your body crumbles into a pile of gold.

~,..≈≈#...............,,,,,,,,,..
~~.≈§#########..Y..........Y..,..
*~§≈#* #..##########Y.##,.# **#**
#..##########....,,* *
#..##########...♣,♣* *
#..##########....*P.
##############..##########..♣P,..
..............................,..
...............3@............>,..
............................##,#.
............................##,..
..........................).##*#.
............................#####
.................)...............
########.........................
#...........<.............
#.........................


You could see a sixfirhy (unable to see you).

Vanquished Creatures
  A two-headed ogre (D:10)
  A sixfirhy (D:10)
  Pikel (D:8)
  A cyclops (D:8)
  2 ugly things
  2 rust devils (D:10)
  An unseen horror (D:11)
  Jeremiah (D:8)
  A troll (D:7)
  A hornet (D:7)
  Grum (D:8)
  2 wyverns
  12 yaks
  The ghost of anet the Conjurer, an amateur OpCj (D:3)
  3 water moccasins (D:7)
  An acid dragon (D:9)
  An ice beast (D:7)
  3 orc warriors
  3 sky beasts (D:7)
  3 small abominations (D:3)
  2 wolves (D:8)
  2 ogres (D:5)
  3 centaurs
  2 lemures (D:8)
  3 kobold brigands
  3 bullfrogs
  2 scorpions (D:7)
  14 killer bees
  5 howler monkeys
  An iron imp (D:3)
  A jelly (D:8)
  A quasit (D:10)
  4 orc priests
  3 hounds
  2 sleepcaps
  2 iguanas
  4 orc wizards
  3 hell rats (D:5)
  Robin (D:4)
  3 gnolls (D:5)
  7 adders
  23 river rats (D:5)
  A white imp (D:8)
  4 ufetubi (D:5)
  2 dart slugs
  A ribbon worm (D:2)
  22 orcs
  3 endoplasms
  5 giant cockroaches
  14 goblins
  3 hobgoblins
  8 jackals
  5 quokkas
  2 ball pythons
  A bat (D:1)
  A frilled lizard (D:3)
  20 kobolds
  7 rats
232 creatures vanquished.

Vanquished Creatures (collateral kills)
  Grinder (D:6)
  A black bear (D:5)
  An orc priest (D:5)
  An orc wizard (D:10)
4 creatures vanquished.

Grand Total: 236 creatures vanquished

Notes
Turn   | Place    | Note
-------+----------+-------------------------------------------
     0 | D:1      | Amplified the Mummy Hunter began the quest for the Orb.
     0 | D:1      | Reached XP level 1. HP: 16/16 MP: 1/1
   134 | D:1      | Reached XP level 2. HP: 23/23 MP: 2/2
   642 | D:2      | Reached XP level 3. HP: 28/28 MP: 3/3
  1107 | D:2      | Reached skill level 3 in Fighting
  1162 | D:3      | Found Diagrubag's Armour Boutique.
  1196 | D:3      | Found Feujoann's Weapon Shoppe.
  1473 | D:3      | Found Goewet's Distillery.
  1481 | D:3      | Identified the +2 spear of the Leaping Messenger {flame,
                  | Will+ Int+3}
  1592 | D:3      | Found a transporter.
  1596 | D:3      | Noticed a small abomination
  1596 | D:3      | Noticed a small abomination
  1624 | D:3      | Found a transporter.
  1626 | D:3      | Found a one-way gate to the infinite horrors of the Abyss.
  1626 | D:3      | Noticed anet's ghost (amateur OpCj)
  1733 | D:3      | Found Zosm's General Store.
  1825 | D:3      | Found Leeday's Antique Weapon Boutique.
  1936 | D:3      | Found a faded altar of an unknown god.
  1940 | D:3      | Found a hazy altar of Hepliaklqana.
  2118 | D:4      | Learned a level 1 spell: Slow
  2142 | D:4      | HP: 1/29 [orc wizard/magic dart (7)]
  2278 | D:4      | Reached XP level 4. HP: 35/35 MP: 4/4
  2387 | D:4      | Found Acupn's Armour Emporium.
  2395 | D:4      | Bought a +1 helmet of see invisible for 198 gold pieces
  2405 | D:4      | Noticed Robin
  2412 | D:4      | Killed Robin
  2709 | D:4      | Reached skill level 4 in Fighting
  2709 | D:4      | Reached XP level 5. HP: 22/42 MP: 5/5
  2990 | D:3      | Bought a glowing rapier for 154 gold pieces
  3102 | D:5      | Entered Level 5 of the Dungeon
  3154 | D:5      | Reached skill level 1 in Short Blades
  3159 | D:5      | Noticed an ogre
  3163 | D:5      | Killed an ogre
  3164 | D:5      | Reached XP level 6. HP: 49/49 MP: 6/6
  3191 | D:5      | Identified a scroll of acquirement
  3191 | D:5      | Noticed Grinder
  3192 | D:5      | Acquired a manual of Fighting
  3241 | D:6      | Reached skill level 5 in Fighting
  3241 | D:6      | Reached skill level 5 in Ranged Weapons
  3256 | D:6      | Found a blossoming altar of Fedhas.
  3342 | D:6      | Noticed an orc warrior
  3347 | D:6      | Killed an orc warrior
  3348 | D:6      | Reached XP level 7. HP: 56/56 MP: 7/7
  3412 | D:6      | Reached skill level 6 in Fighting
  3436 | D:6      | Learned a level 3 spell: Confusing Touch
  3762 | D:6      | Killed Grinder
  3763 | D:6      | Reached skill level 7 in Fighting
  3789 | D:5      | Reached XP level 8. HP: 62/67 MP: 8/8
  3853 | D:5      | Found a burning altar of Makhleb.
  3914 | D:5      | Found a shadowy altar of Dithmenos.
  4310 | D:5      | Found a staircase to the Ecumenical Temple.
  4361 | Temple   | Entered the Ecumenical Temple
  4419 | D:5      | Reached skill level 8 in Fighting
  5227 | D:7      | Reached skill level 9 in Fighting
  5304 | D:7      | Found an ornate altar of the Wu Jian Council.
  5371 | D:7      | Noticed a hornet
  5492 | D:7      | Reached XP level 9. HP: 71/77 MP: 9/9
  5558 | D:7      | Reached skill level 5 in Short Blades
  5753 | D:7      | Noticed a troll
  5776 | D:7      | Killed a troll
  5777 | D:7      | Reached skill level 10 in Fighting
  6186 | D:8      | Noticed Pikel
  6371 | D:8      | Noticed Jeremiah
  6624 | D:8      | Noticed a cyclops
  6635 | D:8      | Killed a cyclops
  6636 | D:8      | Reached skill level 11 in Fighting
  7278 | D:3      | Killed anet's ghost
  7279 | D:3      | Reached XP level 10. HP: 57/88 MP: 10/10
  7681 | D:5      | Found the +2 ratskin cloak {*Rats rPois rN+ Str-1 Int-1
                  | Dex+1}
  7843 | D:8      | Killed Pikel
  7844 | D:8      | Reached skill level 12 in Fighting
  7895 | D:8      | Noticed Grum
  7908 | D:8      | Killed Grum
  8027 | D:8      | Killed Jeremiah
  8460 | D:9      | Reached skill level 13 in Fighting
  8668 | D:9      | Found a sacrificial altar of Ru.
  8789 | D:9      | Found an opulent altar of Gozag.
  8945 | D:9      | Became a worshipper of Gozag Ym Sagoz the Greedy
  9082 | D:9      | Noticed a green ugly thing
  9092 | D:9      | Killed a green ugly thing
  9164 | D:10     | Entered Level 10 of the Dungeon
  9164 | D:10     | Noticed a sixfirhy
  9165 | D:10     | Noticed a rust devil
  9296 | D:10     | Noticed a two-headed ogre
  9303 | D:10     | Killed a sixfirhy
  9304 | D:10     | Reached skill level 1 in Hexes
  9304 | D:10     | Reached XP level 11. HP: 45/99 MP: 11/11
  9581 | D:10     | Found a broken altar of Ashenzari.
  9636 | D:11     | Found a staircase to the Orcish Mines.
  9726 | D:11     | Noticed a green ugly thing
  9739 | D:11     | Killed a green ugly thing
  9840 | D:11     | Reached skill level 14 in Fighting
  9978 | D:11     | Noticed a boulder beetle
 10080 | D:10     | Killed a two-headed ogre
 10192 | D:10     | Found a blossoming altar of Fedhas.
 10597 | D:10     | Noticed a sixfirhy
 10600 | D:10     | HP: 4/101 [sixfirhy (12)]
 10600 | D:10     | Slain by a sixfirhy

Illustrated notes

Levels and vault maps discovered:
D:1:      lightli_arrival_statuegarden, layout_basic
D:2:      layout_loops_cross
D:3:      layout_basic, nicolae_overflow_ecumenical_swirl, serial_shops,
          nicolae_shop_hallway_stairs, shop, shop_fountains, shop, shop,
          gammafunk_ghost_abyssal_escape, small_statue_intersection,
          grunt_decor_clamped, minmay_gold_behind_fungi
D:4:      layout_loops_ring, serial_shops, shop, uniq_robin
D:5:      wander_guarded_unrand_ratskin, layout_loops_ring,
          nicolae_dithmenos_the_darkroom, bloody_makhleb,
          minmay_temple_entry_tees, hangedman_abyss_or_decor_passed,
          chequers_serial_rivers_small_b, kennysheep_generic_room_13,
          uniq_grinder
D:6:      layout_cave_pools, fedhas_altar_3, nicolae_the_louvre
D:7:      layout_loops_corners, amcnicky_altar_gilded
D:8:      layout_cave_pods, uniq_jeremiah, uniq_grum, uniq_pikel
D:9:      layout_basic, mainiacjoe_overflow_cross_hatched,
          mainiacjoe_overflow_surrounded_room
D:10:     layout_long_grid, kennysheep_mini, serial_demonic, serial_demonic_b,
          serial_demonic_g, serial_demonic_g, serial_demonic_b,
          serial_demonic_g, serial_demonic_c, kennysheep_small_circle
D:11:     minmay_distorted_concentric_squares, layout_rooms,
          minmay_lair_entry_grove, david_orc_2
Temple:   nicolae_temple_bog_church

Skill      XL: |  1  2  3  4  5  6  7  8  9 10 11 |
---------------+----------------------------------+-----
Fighting       | 3 4 5 7 9 11 13 14 | 14.4
Ranged Weapons | 4 5 6 8 9 |  9.7
Short Blades   | 1 2 3 4 6 7 |  7.6
Hexes          | 1 3 |  3.6
Dodging        | |  1.5
Stealth        | |  0.7

Action                     |  1- 3 |  4- 6 |  7- 9 | 10-12 || total
---------------------------+-------+-------+-------+-------++-------
  Melee: Spear             |       |       |     3 |       ||     3
   Fire: Shortbow          |   124 |    83 |   286 |   368 ||   861
  Throw: Dart              |       |       |       |     4 ||     4
 Invoke: Potion Petition   |       |       |       |     1 ||     1
  Evoke: Wand              |       |     9 |    11 |    10 ||    30
    Use: Scroll            |     9 |     3 |     9 |     7 ||    28
 Armour: Leather armour    |    44 |    34 |   160 |   146 ||   384
  Dodge: Dodged            |    32 |    24 |   106 |   123 ||   285

Table legend: (Time is in decaauts)
 A = Elapsed time spent in this place.
 B = Non-inter-level travel time spent in this place.
 C = Inter-level travel time spent in this place.
 D = Time resting spent in this place.
 E = Time spent auto-exploring this place.
 F = Levels seen in this place.
 G = Mean time per level.
                   A        B        C        D        E       F      G
               +--------+--------+--------+--------+--------+-----+--------+
         Total |  10687 |   9775 |    912 |   1104 |   6259 |  12 |  890.6 |
       Dungeon |  10677 |   9769 |    908 |   1104 |   6259 |  11 |  970.6 |
        Temple |     10 |      6 |      4 |      0 |      0 |   1 |   10.0 |
               +--------+--------+--------+--------+--------+-----+--------+

Top non-repeatable levels by time:
     D:5: 1549 daAuts
     D:7: 1499 daAuts
     D:3: 1370 daAuts
     D:9: 1123 daAuts
     D:8: 1077 daAuts
     D:4: 1042 daAuts
    D:10: 736 daAuts
     D:2: 684 daAuts
     D:6: 629 daAuts
     D:1: 541 daAuts
    D:11: 421 daAuts
  Temple: 10 daAuts
